 Dungeon Crawl Stone Soup version 0.29.1-2-gbd0b4ee654 (webtiles) character file.

Game seed: 16540632956239187131

472 fleeber the Magician (level 6, 0/32 HPs)
             Began as a Deep Elf Conjurer on Nov 5, 2022.
             Slain by a gnoll sergeant
             ... wielding a +2 spear of freezing
              (2 damage)
             ... on level 4 of the Dungeon.
             The game lasted 00:18:06 (4615 turns).

fleeber the Magician (Deep Elf Conjurer)            Turns: 4615, Time: 00:18:06

Health: 0/32       AC:  3    Str:  4    XL:     6   Next: 83%
Magic:  13/18      EV: 12    Int: 25    God:
Gold:   245        SH:  5    Dex: 13    Spells: 12/19 levels left

rFire   . . .      SeeInvis .   m - +6 club
rCold   . . .      Faith    .   (no shield)
rNeg    . . .      Spirit   .   a - +0 robe
rPois   .          Reflect  +   (no helmet)
rElec   .          Harm     .   (no cloak)
rCorr   .          Rampage  .   (no gloves)
Will    .....                   i - +0 pair of boots
Stlth   ++........              p - amulet of reflection
HPRegen 0.10/turn               (no ring)
MPRegen 0.16/turn               (no ring)

@: no status effects
A: no striking features
a: no special abilities


You were on level 4 of the Dungeon.
You visited 1 branch of the dungeon, and saw 4 of its levels.

You collected 245 gold pieces.

Inventory:

Hand Weapons
 m - a +6 club (weapon)
Missiles
 q - a throwing net
Armour
 a - a +0 robe (worn)
 i - a +0 pair of boots (worn)
Jewellery
 p - an amulet of reflection (around neck)
Wands
 f - a wand of iceblast (9)
Scrolls
 c - a scroll of poison {unknown}
 d - 4 scrolls of enchant weapon {unknown}
 h - a scroll of enchant armour {unknown}
 j - 4 scrolls of identify {unknown}
 l - 2 scrolls of teleportation {unknown}
 n - a scroll of blinking {unknown}
 o - 3 scrolls of immolation {unknown}
 s - a scroll of magic mapping {unknown}
 u - a scroll of amnesia {unknown}
 v - a scroll of summoning {unknown}
Potions
 b - a potion of magic
 e - 2 potions of flight {unknown}
 g - a potion of cancellation {unknown}
 k - a potion of invisibility {unknown}
 r - 3 potions of curing {unknown}
 t - a potion of lignification {unknown}
 w - 2 potions of degeneration {unknown}


   Skills:
 - Level 2.4 Dodging
 - Level 2.4 Stealth
 + Level 7.2 Spellcasting
 + Level 7.0 Conjurations
 + Level 0.7 Translocations


You had 12 spell levels left.
You knew the following spells:

 Your Spells              Type           Power      Damage    Failure   Level
a - Magic Dart            Conj           100%       1d8       1%          1
b - Searing Ray           Conj           88%        2d7       1%          2
c - Iskenderun's Mystic   Conj/Tloc      28%        2d7       13%         4

Your spell library contained the following spells:

 Spells                   Type           Power      Damage    Failure   Level
 Dazzling Flash           Conj/Hex       52%        N/A       4%          3
 Fulminant Prism          Conj/Hex       13%        3d9       16%         4
 Frozen Ramparts          Ice            18%        1d3       21%         3
 Ice Form                 Ice/Tmut       9%         N/A       54%         4
 Summon Ice Beast         Ice/Summ       9%         N/A       54%         4


Dungeon Overview and Level Annotations

Branches:
Dungeon (4/15)
 Temple: D:4-7

Altars:
Wu Jian

Annotations:
D:4 Grinder


Message History

The gnoll sergeant is moderately wounded.
The gnoll sergeant hits you with a +2 spear of freezing!
The gnoll sergeant freezes you.
Okay, then.
Okay, then.
Casting: Magic Dart (safe; 1% risk of failure)
Confirm with . or Enter, or press ? or * to list all spells.
Aiming: Magic Dart (safe; 1% risk of failure)
Press: ? - help, Shift-Dir - straight line, f/p - gnoll sergeant
Aim: a gnoll sergeant, wielding a +2 spear of freezing, wearing a +0 scale mail and wearing a +0 kite shield (moderately wounded, 100% to hit)
The magic dart hits the gnoll sergeant but does no damage.
The gnoll sergeant is moderately wounded.
You block the gnoll sergeant's attack.
Casting: Magic Dart (safe; 1% risk of failure)
Confirm with . or Enter, or press ? or * to list all spells.
Aiming: Magic Dart (safe; 1% risk of failure)
Press: ? - help, Shift-Dir - straight line, f/p - gnoll sergeant
Aim: a gnoll sergeant, wielding a +2 spear of freezing, wearing a +0 scale mail and wearing a +0 kite shield (moderately wounded, 100% to hit)
The magic dart hits the gnoll sergeant but does no damage.
The gnoll sergeant is moderately wounded.
The gnoll sergeant misses you.
Casting: Magic Dart (safe; 1% risk of failure)
Confirm with . or Enter, or press ? or * to list all spells.
Aiming: Magic Dart (safe; 1% risk of failure)
Press: ? - help, Shift-Dir - straight line, f/p - gnoll sergeant
Aim: a gnoll sergeant, wielding a +2 spear of freezing, wearing a +0 scale mail and wearing a +0 kite shield (moderately wounded, 100% to hit)
The magic dart hits the gnoll sergeant.
The gnoll sergeant is heavily wounded.
You block the gnoll sergeant's attack.
Casting: Magic Dart (safe; 1% risk of failure)
Confirm with . or Enter, or press ? or * to list all spells.
Aiming: Magic Dart (safe; 1% risk of failure)
Press: ? - help, Shift-Dir - straight line, f/p - gnoll sergeant
Aim: a gnoll sergeant, wielding a +2 spear of freezing, wearing a +0 scale mail and wearing a +0 kite shield (heavily wounded, 100% to hit)
The magic dart hits the gnoll sergeant.
The gnoll sergeant is heavily wounded.
The gnoll sergeant hits you with a +2 spear of freezing!
* * * LOW HITPOINT WARNING * * *
The gnoll sergeant freezes you.
You die...

###.##......†.#.#
#.......<#.#
#........#.#
#........#)#
#......<.#)#
#........#)#
#........#)#
#........#.#######
#........#.@g....#
.###...#####)......#
..##... #..)^g.....#
#..#... #....#######
##.....##....#
#............#
#............#
#............#
#............#


You could see a gnoll sergeant and a gnoll.

Vanquished Creatures
  Menkaure (D:4)
  A scorpion (D:4)
  A hound (D:4)
  An orc priest (D:3)
  Jessica (D:2)
  An orc wizard (D:4)
  Robin (D:4)
  7 gnolls
  4 adders
  2 worms
  6 orcs
  3 ball pythons
  8 endoplasms
  2 giant cockroaches
  11 goblins
  6 hobgoblins
  4 jackals (D:1)
  A quokka (D:2)
  6 bats
  A frilled lizard (D:2)
  2 kobolds
  2 rats
72 creatures vanquished.

Notes
Turn   | Place    | Note
-------+----------+-------------------------------------------
     0 | D:1      | fleeber the Deep Elf Conjurer began the quest for the Orb.
     0 | D:1      | Reached XP level 1. HP: 10/10 MP: 6/6
    63 | D:1      | Found a faded altar of an unknown god.
    67 | D:1      | You fall into a shaft and drop 1 floor!
   188 | D:2      | Reached XP level 2. HP: 15/15 MP: 0/8
   191 | D:2      | Learned a level 2 spell: Searing Ray
   918 | D:1      | Reached XP level 3. HP: 19/19 MP: 7/10
   960 | D:1      | Reached skill level 5 in Conjurations
  1312 | D:2      | Noticed Jessica
  1334 | D:2      | Killed Jessica
  1701 | D:2      | Reached XP level 4. HP: 24/24 MP: 6/12
  2320 | D:2      | Reached skill level 5 in Spellcasting
  3142 | D:3      | Reached XP level 5. HP: 28/28 MP: 9/14
  3250 | D:3      | Found an ornate altar of the Wu Jian Council.
  3601 | D:4      | Noticed Menkaure
  3606 | D:4      | Killed Menkaure
  3607 | D:4      | Reached XP level 6. HP: 18/32 MP: 11/17
  3763 | D:4      | Learned a level 4 spell: Iskenderun's Mystic Blast
  3866 | D:4      | Noticed Robin
  3873 | D:4      | Killed Robin
  3873 | D:4      | Noticed Grinder
  4615 | D:4      | Slain by a gnoll sergeant

Illustrated notes

Levels and vault maps discovered:
D:1:      evilmike_arrival_hilbert_curve, layout_basic,
          hellmonk_ecumenical_altar_arch_garden
D:2:      layout_loops_corners, serial_aquarium, aquarium_bridge_square
          [aquarium_subvault_wall, aquarium_subvault_bridge,
          aquarium_subvault_bridge, aquarium_subvault_wall],
          aquarium_bridge_straight [aquarium_subvault_bridge,
          aquarium_subvault_wall, aquarium_subvault_bridge,
          aquarium_subvault_window], aquarium_window_corridor_3,
          aquarium_window_2, aquarium_view_2f, aquarium_pool_four,
          feat_on_display, uniq_jessica
D:3:      layout_rooms, pdpol_wu_jian_five_deadly_venoms,
          ebering_dispersal_statue_hall, kennysheep_small_spiral
D:4:      minmay_octagon_keep, layout_basic, uniq_robin, uniq_menkaure,
          uniq_grinder

Skill      XL: |  1  2  3  4  5  6 |
---------------+-------------------+-----
Spellcasting   | 4 5 6 7 |  7.2
Conjurations   | 5 6 7 |  7.0
Dodging        | |  2.4
Stealth        | |  2.4
Translocations | |  0.7

Action                   |  1- 3 |  4- 6 || total
-------------------------+-------+-------++-------
 Cast: Magic Dart        |    50 |   121 ||   171
       Searing Ray       |     6 |    10 ||    16
Armor: Robe              |     3 |     3 ||     6
Dodge: Dodged            |     5 |     8 ||    13
Block: Other             |       |     3 ||     3
       Reflection        |       |     1 ||     1
